 Dungeon Crawl Stone Soup version 0.27-a0-931-g5a74e75d8f (webtiles) character file.

Game seed: 14184779486580144104

91 Alarkh the Insei (level 4, -4/35 HPs)
             Began as a Demonspawn Gladiator on Apr 10, 2021.
             Slain by Robin
             ... wielding a +0 trident
              (10 damage)
             ... on level 2 of the Dungeon.
             The game lasted 00:01:44 (1080 turns).

Alarkh the Insei (Demonspawn Gladiator)             Turns: 1080, Time: 00:01:44

Health: -4/35      AC:  3    Str: 14    XL:     4   Next: 34%
Magic:  4/4        EV: 12    Int: 10    God:
Gold:   61         SH:  0    Dex: 15    Spells: 3/3 levels left

rFire    . . .     SeeInvis .     - Unarmed
rCold    . . .     Faith    .   (no shield)
rNeg     . . .     Spirit   .   a - +0 leather armour
rPois    .         Reflect  .   (helmet restricted)
rElec    .         Harm     .   (no cloak)
rCorr    .         Rampage  .   (no gloves)
Will     +....                  (no boots)
Stlth    +.........             (no amulet)
HPRegen  0.11/turn              d - ring of willpower
MPRegen  0.09/turn              (no ring)

@: hasted, very quick
A: antennae 1, spiny 1
a: no special abilities


You were on level 2 of the Dungeon.
You visited 1 branch of the dungeon, and saw 2 of its levels.

You collected 61 gold pieces.

Inventory:

Missiles
 c - 3 throwing nets (quivered)
Armour
 a - a +0 leather armour (worn)
 b - a +0 helmet
Jewellery
 d - a ring of willpower (left hand)
Scrolls
 e - a scroll of torment {unknown}
 f - a scroll of teleportation {unknown}
 h - a scroll of immolation {unknown}


   Skills:
 + Level 3.0 Fighting
 - Level 1.7 Throwing
 - Level 2.6 Dodging
 * Level 4.2 Unarmed Combat


You had 3 spell levels left.
You didn't know any spells.
Your spell library was empty.

Dungeon Overview and Level Annotations

Branches:
Dungeon (2/15)

Altars:

Annotations:
D:2 Robin


Innate Abilities, Weirdness & Mutations

You have a pair of small antennae on your head.
You are partially covered in sharp spines.


Message History

Robin is lightly wounded.
Robin hits you with a +0 trident.
You are too injured to fight recklessly!
You are too injured to fight recklessly!
You are too injured to fight recklessly!
You are too injured to fight recklessly!
You are too injured to fight recklessly!
You are too injured to fight recklessly!
It was a potion of haste.
You feel yourself speed up. Robin closely misses you.
You hit Robin but do no damage. Your punch misses Robin.
Robin is lightly wounded.
You hit Robin but do no damage.
Robin is lightly wounded.
Robin hits you with a +0 trident.
* * * LOW HITPOINT WARNING * * *
You hit Robin. You punch Robin, but do no damage.
Robin is moderately wounded.
Robin misses you.
You hit Robin.
Robin is heavily wounded.
The goblin shouts!
You hit Robin but do no damage.
Robin is heavily wounded.
Robin hits you with a +0 trident.
* * * LOW HITPOINT WARNING * * *
You barely miss Robin.
Robin is heavily wounded.
You hit Robin but do no damage.
Robin is heavily wounded.
Robin roars a battlecry!
The goblin goes into a battle-frenzy!
You hit Robin.
Robin is severely wounded.
You closely miss Robin. Your punch misses Robin.
Robin is severely wounded.
Robin closely misses you.
You hit Robin but do no damage.
Robin is severely wounded.
Robin hits you with a +0 trident!
You die...

#.##########
#...)......#
#..))†###
#)###)####### #.#
#.......# #g#
###...#.# #.#
#...# #g# #...# #
#@# #.†.# # .##.#
###.# # #####.##.#
.# ######
#.....##.# .#
.....# #......#.#
.# .....#
#......#.# ..
.....####......#.#
..
#.......#††....#.#
#.......#........#


You could see Robin and a goblin (strong).

Vanquished Creatures
  Natasha (D:2)
  A worm (D:2)
  A dart slug (D:1)
  An endoplasm (D:1)
  7 giant cockroaches (D:2)
  12 goblins
  7 hobgoblins
  4 jackals (D:1)
  6 kobolds (D:1)
  A quokka (D:1)
  2 ball pythons
  5 bats (D:1)
  3 frilled lizards (D:1)
  A rat (D:2)
52 creatures vanquished.

Notes
Turn   | Place    | Note
-------+----------+-------------------------------------------
     0 | D:1      | Alarkh the Demonspawn Gladiator began the quest for the
                  | Orb.
     0 | D:1      | Reached XP level 1. HP: 16/16 MP: 1/1
   108 | D:1      | Reached skill level 3 in Unarmed Combat
   122 | D:1      | Gained mutation: You are partially covered in sharp spines.
                  | [demonic ancestry]
   122 | D:1      | Reached XP level 2. HP: 19/22 MP: 2/2
   577 | D:1      | Reached XP level 3. HP: 28/28 MP: 3/3
   664 | D:1      | Found a faded altar of an unknown god.
  1014 | D:2      | Noticed Natasha
  1032 | D:2      | Killed Natasha
  1033 | D:2      | Reached skill level 4 in Unarmed Combat
  1033 | D:2      | Gained mutation: You have a pair of small antennae on your
                  | head. [demonic ancestry]
  1033 | D:2      | Reached XP level 4. HP: 28/35 MP: 4/4
  1049 | D:2      | Noticed Robin
  1080 | D:2      | Slain by Robin

Illustrated notes

Levels and vault maps discovered:
D:1:      matt_arrival_grand_opening, layout_basic,
          chequers_ecumenical_altar_twisty
D:2:      minmay_roachtagon, layout_basic, uniq_natasha, uniq_robin

Skill      XL: |  1  2  3 |
---------------+----------+-----
Unarmed Combat | 3 4 |  4.2
Fighting       | 3 |  3.0
Throwing       | |  1.7
Dodging        | |  2.6

Action                   |  1- 3 |  4- 6 || total
-------------------------+-------+-------++-------
Melee: Unarmed           |   119 |    23 ||   142
       Punch             |       |     1 ||     1
  Use: Potion            |       |     1 ||     1
Armor: Leather armour    |    26 |     2 ||    28
Dodge: Dodged            |    70 |    11 ||    81

Table legend: (Time is in decaauts)
 A = Elapsed time spent in this place.
 B = Non-inter-level travel time spent in this place.
 C = Inter-level travel time spent in this place.
 D = Time resting spent in this place.
 E = Time spent auto-exploring this place.
 F = Levels seen in this place.
 G = Mean time per level.
                   A        B        C        D        E       F      G
               +--------+--------+--------+--------+--------+-----+--------+
         Total |   1067 |   1060 |      7 |      7 |    802 |   2 |  533.5 |
       Dungeon |   1067 |   1060 |      7 |      7 |    802 |   2 |  533.5 |
               +--------+--------+--------+--------+--------+-----+--------+

Top non-repeatable levels by time:
     D:1: 839 daAuts
     D:2: 228 daAuts
